[ PARTIDA AOE2 · #495971817 ]
UnrankedTártaros vs Sicilians
Equipo del jugador · DERR
Equipo rival · VICT
[ ANÁLISIS DE REPETICIÓN · EXTRAÍDO DE LA PARTIDA GRABADA ]
Feudal
9:02
Castillos
19:36
Imperial
—
| APM promedio | 47.8 |
| APM pico | 97 |
| eAPM promedio | 20.1 |
| Aldeanos / militares | 83 / 42 |
Foco
⚔️ 32.3% · 🌾 67.7%
Cavalry Archer ×16 · Archer ×14 · Mangonel ×5 · Knight ×4 · Spearman ×1 · Battering Ram ×1
Feudal
9:15
Castillos
23:17
Imperial
—
| APM promedio | 41.3 |
| APM pico | 86 |
| eAPM promedio | 22.6 |
| Aldeanos / militares | 93 / 36 |
Foco
⚔️ 40.8% · 🌾 59.2%
Archer ×19 · Skirmisher ×10 · Serjeant ×5 · Mangonel ×2
Mapa de la partida
Recursos iniciales + cada clic de construcción. Líneas = muros · curvas = relieve. ◆ oro · ⬟ piedra · ● bayas · ✦ reliquia · ◌ hueco del cierre
Tu base· ✓ Cerrada en 19:36 · 36t muro · 2 puerta(s) · frágil
Base de Mungrel· ✓ Cerrada en 23:17 · 29t muro · 1 puerta(s)
Terreno inicial suavizado · ◌ = hueco del cierre detectado · pasá el cursor para detalles
Inputs por minuto
— Pandora_heart - - Mungrel
Build order — Pandora_heart
Primeras 150 de 211 acciones detectadas
| 0:04 | Crear | Villager (Male) ×4 |
| 0:05 | Construir | House |
| 0:07 | Construir | House |
| 1:31 | Crear | Villager (Male) |
| 1:31 | Crear | Villager (Male) |
| 1:59 | Crear | Villager (Male) |
| 2:17 | Crear | Villager (Male) |
| 2:18 | Crear | Villager (Male) |
| 2:42 | Construir | Lumber Camp |
| 2:52 | Crear | Villager (Male) |
| 2:53 | Crear | Villager (Male) |
| 3:36 | Crear | Villager (Male) |
| 3:36 | Crear | Villager (Male) |
| 3:57 | Construir | House |
| 3:58 | Crear | Villager (Male) |
| 3:58 | Crear | Villager (Male) |
| 4:24 | Crear | Villager (Male) |
| 4:25 | Crear | Villager (Male) |
| 4:25 | Crear | Villager (Male) |
| 4:25 | Crear | Villager (Male) |
| 4:39 | Construir | House |
| 5:59 | Construir | Mill |
| 6:16 | Investigar | Loom |
| 6:52 | Investigar | Feudal Age |
| 8:19 | Construir | Barracks |
| 8:56 | Crear | Villager (Male) |
| 8:57 | Crear | Villager (Male) |
| 9:02 | Edad | Edad Feudal |
| 9:08 | Construir | Archery Range |
| 9:30 | Crear | Villager (Male) |
| 9:41 | Construir | Mining Camp |
| 10:00 | Crear | Villager (Male) |
| 10:09 | Construir | House |
| 10:29 | Crear | Villager (Male) |
| 10:35 | Construir | Palisade Gate |
| 10:36 | Crear | Archer |
| 10:44 | Crear | Villager (Male) |
| 11:06 | Construir | House |
| 11:08 | Crear | Spearman |
| 11:11 | Investigar | Double-Bit Axe |
| 11:12 | Crear | Villager (Male) |
| 11:18 | Crear | Archer |
| 11:18 | Crear | Archer |
| 11:31 | Crear | Villager (Male) |
| 11:39 | Investigar | Horse Collar |
| 11:41 | Construir | Farm |
| 11:43 | Construir | Farm |
| 11:58 | Construir | Palisade Wall |
| 12:02 | Crear | Villager (Male) |
| 12:05 | Crear | Villager (Male) |
| 12:08 | Construir | House |
| 12:10 | Crear | Archer |
| 12:10 | Crear | Archer |
| 12:23 | Crear | Archer |
| 12:24 | Crear | Archer |
| 12:24 | Crear | Archer |
| 12:34 | Construir | Palisade Wall |
| 12:35 | Crear | Villager (Male) |
| 12:51 | Construir | Palisade Wall |
| 12:57 | Construir | Farm |
| 12:59 | Crear | Villager (Male) |
| 13:02 | Crear | Archer |
| 13:16 | Construir | Farm |
| 13:20 | Crear | Villager (Male) |
| 13:41 | Construir | Palisade Wall |
| 13:51 | Construir | House |
| 13:54 | Crear | Villager (Male) |
| 13:56 | Construir | Farm |
| 13:58 | Crear | Archer |
| 13:58 | Crear | Archer |
| 14:06 | Construir | House |
| 14:08 | Construir | Palisade Wall |
| 14:39 | Crear | Villager (Male) |
| 14:41 | Construir | Blacksmith |
| 14:42 | Crear | Archer |
| 15:09 | Construir | Farm |
| 15:11 | Construir | Farm |
| 15:21 | Investigar | Fletching |
| 15:22 | Crear | Villager (Male) |
| 15:23 | Crear | Villager (Male) |
| 15:27 | Construir | House |
| 15:28 | Construir | House |
| 15:32 | Crear | Archer |
| 16:01 | Construir | House |
| 16:09 | Crear | Archer |
| 16:19 | Crear | Villager (Male) |
| 16:33 | Construir | House |
| 16:37 | Construir | House |
| 16:55 | Construir | Lumber Camp |
| 16:56 | Investigar | Castle Age |
| 16:57 | Investigar | Castle Age |
| 17:15 | Investigar | Padded Archer Armor |
| 17:20 | Construir | Watch Tower |
| 18:46 | Investigar | Gold Mining |
| 18:47 | Investigar | Gold Mining |
| 19:03 | Construir | Palisade Gate |
| 19:12 | Construir | Lumber Camp |
| 19:36 | Edad | Edad de los Castillos |
| 19:40 | Crear | Villager (Male) |
| 19:40 | Crear | Villager (Male) |
| 19:48 | Construir | Stable |
| 20:03 | Crear | Villager (Male) |
| 20:11 | Construir | Mining Camp |
| 20:13 | Construir | Palisade Wall |
| 20:21 | Crear | Knight |
| 20:25 | Crear | Knight |
| 20:26 | Crear | Knight |
| 20:32 | Crear | Cavalry Archer |
| 20:33 | Crear | Cavalry Archer |
| 20:40 | Construir | Archery Range |
| 20:41 | Construir | Farm |
| 20:43 | Construir | Farm |
| 20:48 | Crear | Villager (Male) |
| 20:54 | Construir | Farm |
| 21:13 | Investigar | Bodkin Arrow |
| 21:14 | Crear | Cavalry Archer |
| 21:30 | Construir | Farm |
| 21:32 | Construir | Farm |
| 21:35 | Crear | Villager (Male) |
| 21:44 | Crear | Cavalry Archer |
| 21:48 | Crear | Cavalry Archer |
| 21:53 | Construir | Town Center |
| 22:01 | Crear | Villager (Male) |
| 22:11 | Construir | Siege Workshop |
| 22:19 | Crear | Villager (Male) |
| 22:26 | Crear | Cavalry Archer |
| 22:26 | Crear | Cavalry Archer |
| 22:35 | Crear | Villager (Male) |
| 22:35 | Crear | Villager (Male) |
| 22:59 | Crear | Battering Ram |
| 23:02 | Construir | Farm |
| 23:05 | Crear | Villager (Male) |
| 23:10 | Crear | Villager (Male) |
| 23:17 | Crear | Cavalry Archer |
| 23:26 | Construir | Farm |
| 23:29 | Crear | Villager (Male) |
| 23:38 | Crear | Villager (Male) |
| 23:39 | Crear | Villager (Male) |
| 23:50 | Construir | Town Center |
| 23:59 | Crear | Knight |
| 24:57 | Crear | Villager (Male) |
| 24:58 | Crear | Villager (Male) |
| 25:00 | Crear | Villager (Male) |
| 25:04 | Construir | Farm |
| 25:05 | Construir | Farm |
| 25:12 | Construir | Farm |
| 25:13 | Crear | Villager (Male) |
| 25:15 | Construir | Farm |
| 25:16 | Crear | Villager (Male) |
| 25:23 | Crear | Villager (Male) |
Build order — Mungrel
Primeras 150 de 211 acciones detectadas
| 0:00 | Crear | Villager (Male) |
| 0:01 | Crear | Villager (Male) ×3 |
| 0:01 | Crear | Villager (Male) ×3 |
| 0:02 | Construir | House |
| 0:03 | Construir | House |
| 1:34 | Crear | Villager (Male) |
| 1:53 | Crear | Villager (Male) |
| 2:13 | Construir | Lumber Camp |
| 2:27 | Crear | Villager (Male) |
| 2:42 | Crear | Villager (Male) |
| 2:48 | Crear | Villager (Male) |
| 3:26 | Crear | Villager (Male) |
| 3:43 | Crear | Villager (Male) |
| 4:18 | Construir | House |
| 4:18 | Construir | House |
| 4:27 | Crear | Villager (Male) |
| 4:31 | Investigar | Loom |
| 4:31 | Crear | Villager (Male) |
| 4:40 | Crear | Villager (Male) |
| 4:43 | Crear | Villager (Male) |
| 5:12 | Crear | Villager (Male) |
| 5:28 | Crear | Villager (Male) |
| 5:36 | Construir | Mill |
| 5:49 | Construir | Donjon |
| 5:52 | Crear | Villager (Male) |
| 6:42 | Construir | Mining Camp |
| 7:05 | Investigar | Feudal Age |
| 7:53 | Construir | Palisade Wall |
| 8:16 | Crear | Villager (Male) |
| 8:34 | Construir | Palisade Gate |
| 8:36 | Construir | House |
| 9:15 | Crear | Villager (Male) |
| 9:15 | Edad | Edad Feudal |
| 9:22 | Construir | Archery Range |
| 9:32 | Construir | Palisade Wall |
| 9:45 | Crear | Villager (Male) |
| 9:46 | Investigar | Double-Bit Axe |
| 10:02 | Crear | Villager (Male) |
| 10:21 | Construir | Palisade Wall |
| 10:22 | Construir | Palisade Wall |
| 10:28 | Construir | Palisade Wall |
| 10:31 | Construir | Palisade Gate |
| 10:39 | Crear | Archer |
| 10:39 | Crear | Skirmisher |
| 10:43 | Crear | Villager (Male) |
| 10:45 | Construir | House |
| 11:00 | Construir | Blacksmith |
| 11:02 | Crear | Archer |
| 11:02 | Crear | Villager (Male) |
| 11:06 | Construir | Palisade Wall |
| 11:08 | Crear | Villager (Male) |
| 11:20 | Crear | Skirmisher |
| 11:24 | Crear | Villager (Male) |
| 11:50 | Crear | Villager (Male) |
| 12:01 | Crear | Skirmisher |
| 12:04 | Construir | House |
| 12:08 | Crear | Skirmisher |
| 12:33 | Investigar | Padded Archer Armor |
| 12:40 | Crear | Serjeant |
| 12:40 | Crear | Serjeant |
| 12:43 | Crear | Villager (Male) |
| 12:51 | Construir | Mining Camp |
| 12:58 | Crear | Skirmisher |
| 13:03 | Crear | Serjeant |
| 13:09 | Crear | Villager (Male) |
| 13:12 | Construir | Farm |
| 13:15 | Construir | Farm |
| 13:20 | Construir | Farm |
| 13:23 | Crear | Villager (Male) |
| 13:26 | Crear | Skirmisher |
| 13:31 | Construir | House |
| 13:34 | Investigar | Town Watch |
| 13:52 | Crear | Villager (Male) |
| 13:56 | Construir | Farm |
| 14:00 | Construir | House |
| 14:17 | Crear | Villager (Male) |
| 14:24 | Crear | Villager (Male) |
| 14:25 | Construir | Farm |
| 14:26 | Crear | Skirmisher |
| 14:35 | Crear | Skirmisher |
| 14:52 | Construir | Donjon |
| 15:00 | Investigar | Fletching |
| 15:00 | Crear | Skirmisher |
| 15:01 | Crear | Skirmisher |
| 15:05 | Crear | Villager (Male) |
| 15:07 | Construir | Farm |
| 15:08 | Construir | Farm |
| 15:25 | Construir | Farm |
| 15:29 | Crear | Archer |
| 15:36 | Crear | Villager (Male) |
| 15:47 | Crear | Archer |
| 15:48 | Crear | Villager (Male) |
| 15:50 | Construir | Farm |
| 16:23 | Investigar | Wheelbarrow |
| 16:25 | Construir | Farm |
| 16:29 | Construir | House |
| 16:44 | Construir | House |
| 16:44 | Construir | House |
| 16:48 | Construir | Farm |
| 17:11 | Construir | Donjon |
| 17:35 | Crear | Villager (Male) |
| 17:36 | Construir | House |
| 17:37 | Construir | House |
| 17:39 | Construir | Farm |
| 18:07 | Crear | Villager (Male) |
| 18:07 | Crear | Villager (Male) |
| 18:08 | Construir | Farm |
| 18:09 | Construir | Farm |
| 18:38 | Crear | Villager (Male) |
| 18:38 | Crear | Villager (Male) |
| 18:40 | Construir | House |
| 18:40 | Construir | House |
| 18:52 | Construir | Donjon |
| 18:55 | Crear | Serjeant |
| 19:18 | Crear | Villager (Male) |
| 19:18 | Crear | Villager (Male) |
| 19:25 | Crear | Villager (Male) |
| 19:27 | Construir | Market |
| 19:59 | Construir | Farm |
| 20:00 | Construir | Farm |
| 20:01 | Construir | Lumber Camp |
| 20:27 | Crear | Archer |
| 20:28 | Crear | Archer |
| 20:32 | Construir | Archery Range |
| 20:37 | Investigar | Castle Age |
| 20:54 | Construir | House |
| 20:54 | Construir | House |
| 20:55 | Construir | House |
| 20:56 | Construir | House |
| 21:05 | Construir | House |
| 21:22 | Investigar | Gold Mining |
| 21:23 | Investigar | Stone Mining |
| 21:25 | Investigar | Scale Mail Armor |
| 21:27 | Crear | Archer |
| 21:28 | Crear | Archer |
| 21:29 | Crear | Archer |
| 21:34 | Construir | Farm |
| 21:40 | Construir | Farm |
| 21:40 | Construir | Farm |
| 21:57 | Crear | Archer |
| 21:57 | Crear | Archer |
| 22:10 | Construir | House |
| 22:19 | Crear | Archer |
| 22:20 | Crear | Archer |
| 22:42 | Construir | House |
| 23:12 | Construir | House |
| 23:17 | Edad | Edad de los Castillos |
| 23:22 | Investigar | Bodkin Arrow |
| 23:22 | Investigar | Bow Saw |
| 23:23 | Investigar | Horse Collar |
Cronología de la partida
| 5:49 | Mungrel · first_building Donjon |
| 7:53 | Mungrel · wall_segment Palisade Wall x23 |
| 8:19 | Pandora_heart · first_building Barracks |
| 9:02 | Pandora_heart · age_up feudal |
| 9:08 | Pandora_heart · first_building Archery Range |
| 9:15 | Mungrel · age_up feudal |
| 9:22 | Mungrel · first_building Archery Range |
| 9:32 | Mungrel · wall_segment Palisade Wall x2 |
| 10:21 | Mungrel · wall_segment Palisade Wall x1 |
| 10:22 | Mungrel · wall_segment Palisade Wall x1 |
| 10:28 | Mungrel · wall_segment Palisade Wall x1 |
| 11:06 | Mungrel · wall_segment Palisade Wall x3 |
| 11:58 | Pandora_heart · wall_segment Palisade Wall x12 |
| 12:34 | Pandora_heart · wall_segment Palisade Wall x9 |
| 12:51 | Pandora_heart · wall_segment Palisade Wall x6 |
| 13:41 | Pandora_heart · wall_segment Palisade Wall x5 |
| 14:08 | Pandora_heart · wall_segment Palisade Wall x5 |
| 19:36 | Pandora_heart · age_up castle |
| 19:48 | Pandora_heart · first_building Stable |
| 20:13 | Pandora_heart · wall_segment Palisade Wall x1 |
| 20:37 | Mungrel · first_market_buy 100 food |
| 22:11 | Pandora_heart · first_building Siege Workshop |
| 23:17 | Mungrel · age_up castle |
| 23:21 | Mungrel · first_market_sell 100 wood |
| 27:47 | Pandora_heart · wall_segment Palisade Wall x1 |
| 28:36 | Mungrel · first_building Siege Workshop |
| 30:26 | Mungrel · first_building Castle |
| 30:36 | Pandora_heart · first_building Castle |
| 31:19 | Pandora_heart · resign |
[ ANÁLISIS IA · 1 CRÉDITO ]
¿Qué pasó realmente en esta partida?
Wolo.gg analiza cada decisión: build order, eco, micro, errores típicos por bracket. Análisis personalizado por WhatsApp o Discord en 30 segundos.
Guía civ
Tártaros
Perfil
Pandora_heart